Cogmind - Beta 16 @@@ ROGUE MODE // 2025.11.15 @ 22:12:16 // Winter2019/RPGLIKE Player: GFYguy Result: Self-destructed Performance ------------- Evolutions (2) 1000 Regions Visited (4) 800 Robots Destroyed (21) 105 Value Destroyed (548) 548 Prototype IDs (2) 40 Alien Tech Used (0) 0 Bonus (200) 200 TOTAL SCORE: 2693 Bonus ------- Entered Garrisons 200 Cogmind --------- Core Integrity 118/600 Matter 60/300 Energy 259/265 System Corruption 0% Temperature Cool (32) Movement Flying (26) Location -8/Garrison Parts ------- > --- POWER (1) -------- Improved Ion Engine > --- PROPULSION (4) --- VTOL Module VTOL Module VTOL Module Improved VTOL Module > --- UTILITY (2) ------ Structural Scanner Reaction Control System > --- WEAPON (1) ------- Rocket Launcher > --- INVENTORY (4) ---- Authchip [R/Combat] Authchip [R/Combat] Authchip [R/Combat] Rocket Launcher Peak State ------------ > --- POWER ------------ Improved Ion Engine > --- PROPULSION ------- VTOL Module VTOL Module VTOL Module Improved VTOL Module > --- UTILITY ---------- Structural Scanner Reaction Control System > --- WEAPON ----------- Rocket Launcher > --- INVENTORY -------- Authchip [R/Combat] Authchip [R/Combat] Rocket Launcher [Rating: 19] Favorites ----------- Power Improved Ion Engine Engine Improved Ion Engine Propulsion VTOL Module Flight Unit VTOL Module Utility Structural Scanner Device Structural Scanner Processor Targeting Computer Weapon Rocket Launcher Energy Gun Backup Laser I Launcher Rocket Launcher Build | -11 -10 -9 -8 -8 ------- Run | Yrd Mat Mat Mat Gar Slots Evolved 4 | . 3 1 . . Power . | . . . . . Propulsion 3 | . 3 . . . Utility 1 | . . 1 . . Weapon . | . . . . . Parts Attached 13 | . 7 3 3 . Power 1 | . . 1 . . Engine 1 | . . 1 . . Core . | . . . . . Reactor . | . . . . . Propulsion 6 | . 4 . 2 . Treads . | . . . . . Leg . | . . . . . Wheel . | . . . . . Hover . | . . . . . Flight 6 | . 4 . 2 . Utility 4 | . 1 2 1 . Device 2 | . . 1 1 . Storage . | . . . . . Processor 2 | . 1 1 . . Hackware . | . . . . . Protection . | . . . . . Artifact . | . . . . . Weapon 2 | . 2 . . . Energy Gun . | . . . . . Energy Cannon . | . . . . . Ballistic Gun . | . . . . . Ballistic Cannon . | . . . . . Launcher 2 | . 2 . . . Special Weapon . | . . . . . Impact Weapon . | . . . . . Slashing Weapon . | . . . . . Piercing Weapon . | . . . . . Special Melee Weapon . | . . . . . Unidentified Prototypes 2 | . . . 2 . Parts Lost . | . . . . . Power . | . . . . . Propulsion . | . . . . . Utility . | . . . . . Weapon . | . . . . . Highest Loss Streak . | . . . . . To Critical Strikes . | . . . . . Average Backups 1 | . . 1 1 3 Power . | . . . . . Propulsion . | . . . . . Utility . | . . . . 2 Weapon . | . . 1 1 1 Tool/Special . | . . . . . Unused Backups 4 | . . . . 4 Power . | . . . . . Propulsion . | . . . . . Utility 3 | . . . . 3 Weapon 1 | . . . . 1 Tool/Special . | . . . . . Average Slot Usage (%) 83 | . 52 100 97 100 Engine 12 | . 14 12 12 12 Flight 34 | . 3 51 50 50 Device 9 | . . 6 16 25 Processor 13 | . 20 15 6 . Energy Gun 1 | . 3 . . . Launcher 11 | . 11 12 12 12 Peak Build Rating 19 | . 12 15 18 19 Average Rating 11 | . 3 14 17 18 On Entrance 9 | . . 12 15 18 Avg Prop Armor Cover (%) . | . . . . . Naked Turns 7 | . 7 . . . Heaviest Build 13 | . 5 12 13 13 Greatest Support 20 | 3 16 20 20 20 Greatest Overweight (x) 1 | . 1 . . . Average Overweight (x) . | . . . . . Largest Inventory Capacity 4 | . 1 1 1 4 Average Capacity 1 | . . 1 1 3 Most Carried 4 | . 1 1 1 4 Average Carried 1 | . . 1 1 3 Final Capacity 4 | . 1 1 1 4 Final Carried 4 | . 1 1 1 4 Class Distribution -------------------- 65% | Sprinter 34% | Mutant Dominant Class ---------------- Mutant | -10/Materials Sprinter | -9/Materials Sprinter | -8/Materials Sprinter | -8/Garrison Resources | -11 -10 -9 -8 -8 ----------- Run | Yrd Mat Mat Mat Gar Matter Collected 584 | 200 169 52 78 85 Remotely . | . . . . . Salvage Created 338 | . 87 87 44 120 Parts 23 | . 9 6 1 7 Haulers Intercepted . | . . . . . Recyclers Shooed . | . . . . . Parts Field Recycled . | . . . . . Retrieved Matter . | . . . . . Parts Self-Destructed . | . . . . . Prevented . | . . . . . Parts Restored . | . . . . . Kills | -11 -10 -9 -8 -8 ------- Run | Yrd Mat Mat Mat Gar Combat Hostiles Destroyed 14 | . 2 5 1 6 AOE 14 | . 2 5 1 6 Classes Destroyed 9 | . 4 3 . 2 Builder 2 | . 2 . . . Mechanic 1 | . 1 . . . Operator 1 | . . 1 . . Watcher 3 | . 2 1 . . Swarmer 6 | . . 3 . 3 Grunt 3 | . 2 1 . . Sentry 2 | . . 1 1 . Specialist 2 | . . . . 2 Hunter 1 | . . . . 1 Best Kill Streak 5 | . 5 4 1 4 Combat Bots Only 4 | . 2 4 1 4 Max Kills in Single Turn 3 | . 2 2 1 3 Gunslinging . | . . . . . Exploded 3 | . 1 2 1 3 Melee . | . . . . . Uniques/NPCs Destroyed . | . . . . . Combat | -11 -10 -9 -8 -8 -------- Run | Yrd Mat Mat Mat Gar Hostile Shots Fired 60 | . 20 19 4 17 Missed 28 | . 6 8 2 12 Hits 32 | . 14 11 2 5 Projectile 32 | . 14 11 2 5 Damage Taken 607 | . 190 184 28 205 Core 500 | . 158 153 22 167 Absorbed by Shields 33 | . . . . 33 Redirected to Core 346 | . 102 99 22 123 Core Remaining (%) 74 | 100 73 49 . . Volleys Fired 46 | . 11 24 3 8 Largest 1 | . 1 1 1 1 Hottest 33 | . 33 33 33 33 Shots Fired 46 | . 11 24 3 8 Gun 2 | . 2 . . . Cannon . | . . . . . Launcher 44 | . 9 24 3 8 Special . | . . . . . Kinetic . | . . . . . Thermal 2 | . 2 . . . Explosive 44 | . 9 24 3 8 Electromagnetic . | . . . . . Robot Hit Streak 7 | . 3 4 3 7 Robot Miss Streak 5 | . 2 5 . 1 Penetration Max . | . . . . . Secondary Targets . | . . . . . Shots Hit Robots 25 | . 5 10 3 7 Core Hits 39 | . 10 14 3 12 Critical Kills . | . . . . . Critical Parts Destroyed . | . . . . . Critical Strikes . | . . . . . Melee Attacks . | . . . . . Impact . | . . . . . Slashing . | . . . . . Piercing . | . . . . . Sneak Attacks . | . . . . . Combat Hostiles . | . . . . . Follow-up Attacks . | . . . . . Damage Inflicted 2183 | . 533 744 68 838 Guns 9 | . 9 . . . Cannons . | . . . . . Explosions 2174 | . 524 744 68 838 Melee . | . . . . . Ramming . | . . . . . Kinetic . | . . . . . Thermal 9 | . 9 . . . Explosive 2174 | . 524 744 68 838 Electromagnetic . | . . . . . Impact . | . . . . . Slashing . | . . . . . Piercing . | . . . . . Highest Corruption . | . . . . . Average Corruption . | . . . . . Corruption Purged . | . . . . . Corruption Blocked . | . . . . . Overload Shots . | . . . . . Overflow Damage 30 | . . 30 . . Projectiles . | . . . . . Explosions 30 | . . 30 . . Melee . | . . . . . Knockbacks . | . . . . . Impact . | . . . . . Kinetic . | . . . . . Secondary . | . . . . . Self-Inflicted Damage 256 | . 41 47 . 168 Shots 9 | . 1 2 . 6 Rammed . | . . . . . Targets Rammed . | . . . . . Kicked . | . . . . . Crushed . | . . . . . Highest Temperature 48 | . 6 48 27 20 Average Temperature 11 | . 6 15 8 6 Received Heat Transfer 120 | . 84 27 9 . Siege Activations . | . . . . . Martial Activations . | . . . . . Shielding Activations . | . . . . . Robots Disrupted . | . . . . . Combat Hostiles . | . . . . . Robots Corrupted . | . . . . . Combat Hostiles . | . . . . . Parts Fried . | . . . . . Impact Corruptions . | . . . . . Robots Melted . | . . . . . Combat Hostiles . | . . . . . Parts Melted . | . . . . . Heat Transferred 37 | . 37 . . . Parts Sabotaged . | . . . . . Parts Stolen . | . . . . . Parts Stripped . | . . . . . Power Chain Reactions . | . . . . . Alert | -11 -10 -9 -8 -8 ------- Run | Yrd Mat Mat Mat Gar Maximum Alert Level 1 | . . 1 . 1 Low Security (%) 74 | 100 100 51 100 37 Level 1 25 | . . 48 . 62 Level 2 . | . . . . . Level 3 . | . . . . . Level 4 . | . . . . . Level 5 . | . . . . . High Security . | . . . . . Max Security . | . . . . . Peak Influence 317 | . 147 317 176 283 Initial 129 | . . 53 129 115 Average 128 | . 49 185 156 201 Influence Increases 727 | . 177 314 68 168 Destroy 0b10 Robot/C 280 | . 40 100 20 120 Destroy 0b10 Robot/NC 35 | . 25 10 . . Destroy Leader 66 | . 14 22 10 20 Successful Hack 39 | . 12 21 6 . Disable Machine 60 | . 15 45 . . Destroy Structure 217 | . 71 116 17 13 Partial Spotted 15 | . . . 15 . Lose Combat Pursuer 15 | . . . . 15 Influence Decreases 444 | . 50 134 198 62 Entered New Map 314 | . . 74 178 62 Time Decay 130 | . 50 60 20 . Squads Dispatched 1 | . 1 . . . Investigation 1 | . 1 . . . Extermination . | . . . . . Reinforcement . | . . . . . Assault . | . . . . . Garrison . | . . . . . Intercept . | . . . . . Searches Triggered . | . . . . . Construction Impeded . | . . . . . Haulers Reinforced . | . . . . . Active Scanning Responses . | . . . . . Cargo Convoy Interrupts . | . . . . . Stealth | -11 -10 -9 -8 -8 --------- Run | Yrd Mat Mat Mat Gar Distress Signals 1 | . 1 . . . Communications Jammed . | . . . . . Distress Signals . | . . . . . Times Spotted 24 | . 5 10 3 6 Peak Tracking Total 4 | . 4 4 3 1 Tactical Retreats 1 | . . . . 1 Traps | -11 -10 -9 -8 -8 ------- Run | Yrd Mat Mat Mat Gar Traps Triggered 1 | . . . . 1 Indirectly . | . . . . . Trap Hack Attempts . | . . . . . Triggered . | . . . . . Disarmed . | . . . . . Reprogrammed . | . . . . . Reused . | . . . . . Traps Extracted . | . . . . . Installed . | . . . . . Triggered . | . . . . . Machines | -11 -10 -9 -8 -8 ---------- Run | Yrd Mat Mat Mat Gar Machines Disabled 4 | . 1 3 . . Max in Single Turn 1 | . 1 1 . . Machines Repaired . | . . . . . Machines Dismantled . | . . . . . Machines Sabotaged . | . . . . . Overloaded Fab Kills . | . . . . . Hacking | -11 -10 -9 -8 -8 --------- Run | Yrd Mat Mat Mat Gar Machines Accessed 9 | . 3 5 1 . Terminals 6 | . 2 4 . . Fabricators . | . . . . . Repair Stations 1 | . 1 . . . Recycling Units . | . . . . . Scanalyzers 1 | . . 1 . . Garrison Access 1 | . . . 1 . Total Hacks 21 | . 7 12 2 . Successful 9 | . 3 4 2 . Failed 12 | . 4 8 . . Catastrophic 4 | . 1 3 . . Database Lockouts . | . . . . . Manual . | . . . . . Terminals 15 | . 6 9 . . Fabricators . | . . . . . Repair Stations 1 | . 1 . . . Recycling Units . | . . . . . Scanalyzers 3 | . . 3 . . Garrison Access 2 | . . . 2 . Terminal Hacks 4 | . 2 2 . . Reinforcement Status 1 | . 1 . . . Registered Components 2 | . 1 1 . . Zone Layout 1 | . . 1 . . Fabricator Hacks . | . . . . . Repair Station Hacks 1 | . 1 . . . Refit 1 | . 1 . . . Recycling Unit Hacks . | . . . . . Scanalyzer 2 | . . 2 . . Retrieve Study 2 | . . 2 . . Garrison Access Hacks 2 | . . . 2 . Unlock Access 1 | . . . 1 . Coupler Status 1 | . . . 1 . Unauthorized Hacks . | . . . . . Terminals . | . . . . . Fabricators . | . . . . . Repair Stations . | . . . . . Recycling Units . | . . . . . Scanalyzers . | . . . . . Garrison Access . | . . . . . Data Cores Recovered 1 | . . 1 . . Used . | . . . . . Hacking Detections 8 | . 2 5 1 . Full Trace Events 1 | . 1 . . . Feedback Events . | . . . . . Feedback Blocked . | . . . . . Robot Schematics Acquired . | . . . . . Robots Built . | . . . . . Authchips . | . . . . . Time . | . . . . . Total Robot Build Rating . | . . . . . Part Schematics Acquired . | . . . . . Parts Built . | . . . . . Authchips . | . . . . . Time . | . . . . . Total Part Build Rating . | . . . . . Part Studies Acquired 2 | . . 2 . . Parts Repaired . | . . . . . Time . | . . . . . Parts Recycled . | . . . . . Recycled Matter . | . . . . . Retrieved Matter . | . . . . . Retrieved Components . | . . . . . Parts Scanalyzed . | . . . . . Part Schematics Acquired . | . . . . . Parts Damaged . | . . . . . Bothacking | -11 -10 -9 -8 -8 ------------ Run | Yrd Mat Mat Mat Gar Used RIF Installer . | . . . . . Robots Hacked . | . . . . . Non-combat . | . . . . . Combat . | . . . . . Robot Hacks Applied . | . . . . . Relay Couplers Released . | . . . . . Fabnet Peak Effective % . | . . . . . Robots Rewired . | . . . . . Allies Hacked . | . . . . . Hacks Repelled . | . . . . . Allies | -11 -10 -9 -8 -8 -------- Run | Yrd Mat Mat Mat Gar Total Allies . | . . . . . Largest Group . | . . . . . Highest-Rated Group . | . . . . . Highest-Rated Ally . | . . . . . Total Orders . | . . . . . Ally Attacks . | . . . . . Total Damage . | . . . . . Kills . | . . . . . Allies Corrupted . | . . . . . Allies Melted . | . . . . . Intel | -11 -10 -9 -8 -8 ------- Run | Yrd Mat Mat Mat Gar Active Infowar (turns) 247 | . . 116 53 78 Optics 143 | . . 116 27 . Structural 210 | . . 79 53 78 Robot Analysis Total . | . . . . . Derelict Logs Recovered . | . . . . . Drone Launches . | . . . . . Drone Recoveries . | . . . . . Exploration | -11 -10 -9 -8 -8 ------------- Run | Yrd Mat Mat Mat Gar Turns Passed 442 | 22 154 135 53 78 Spaces Moved 891 | 45 205 302 147 192 Core 215 | 45 170 . . . Treads . | . . . . . Legs . | . . . . . Wheels . | . . . . . Hover . | . . . . . Flight 676 | . 35 302 147 192 Fastest Speed 26 | 50 26 26 26 26 Average Speed 34 | 50 57 26 26 26 Slowest Speed 115 | 50 115 26 29 26 Overloaded Moves . | . . . . . Propulsion Burnouts . | . . . . . Robots Hopped . | . . . . . Potential Cave-ins 2 | . . 2 . . Cave-ins Triggered . | . . . . . Exploration Rate (%) 27 | 3 38 35 18 45 Regions Visited 4 Branch Regions . Pre-discovered Areas . | . . . . . Known Exits Taken 1 | . . . 1 . Unknown Exits Taken 3 | 1 1 1 . . Scrap Searched . | . . . . . Spaces Dug . | . . . . . Terrain Destroyed 260 | . 82 147 17 14 Melee . | . . . . . Projectile . | . . . . . AOE 260 | . 82 147 17 14 Terrain Rammed . | . . . . . Walls Destroyed . | . . . . . Machines Disabled . | . . . . . Actions | -11 -10 -9 -8 -8 --------- Run | Yrd Mat Mat Mat Gar Total 974 | 44 227 333 158 212 Wait 3 | . 1 2 . . Move 888 | 44 204 301 147 192 Hop . | . . . . . Pick Up 4 | . 1 . . 3 Fast Attach 13 | . 7 2 4 . Attach . | . . . . . Detach . | . . . . . Swap 1 | . . 1 . . Drop 9 | . 3 2 4 . Fire 46 | . 11 24 3 8 Melee . | . . . . . Ram . | . . . . . Kick . | . . . . . Crush . | . . . . . Escape Stasis 8 | . . . . 8 Rewire . | . . . . . Trap . | . . . . . Miscellaneous 2 | . . 1 . 1 Route ------- -11/Scrapyard -10/Materials (discovered 2 exits: *Mat / [*Min]) -9/Materials (discovered 2 exits: *Mat / [*Min]) -8/Materials -8/Garrison (discovered 1 exit: [*Mat]) History --------- Turn | Location | Event 4 | -11/Scrapyard | Discovered new exit (range 15) 23 | -11/Scrapyard | Entered Materials 109 | -10/Materials | Discovered new exit (range 9) 158 | -10/Materials | Upgraded with Propulsion slot (x3) 173 | -10/Materials | Discovered new exit (range 11) 177 | -10/Materials | Entered another Materials area 179 | -9/Materials | Reached level 2 196 | -9/Materials | Upgraded with Utility slot (x1) 198 | -9/Materials | Discovered new exit (range 5) 213 | -9/Materials | Discovered new exit (range 8) 310 | -9/Materials | Core integrity fell below 50% 312 | -9/Materials | Entered another Materials area 313 | -8/Materials | Core integrity fell below 50% 314 | -8/Materials | Reached level 3 365 | -8/Materials | Identified exit to Garrison 365 | -8/Materials | Entered Garrison 365 | -8/Garrison | Reached level 4 395 | -8/Garrison | Triggered checkpoint 424 | -8/Garrison | Discovered new exit (range 14) 435 | -8/Garrison | Triggered checkpoint 442 | -8/Garrison | Core integrity fell below 20% 443 | -8/Garrison | Self-destructed Last Messages --------------- 00392_ A bubble of rippling energy engulfs the area. 00392_ Field strength at 93. 00392_ Field strength at 86. 00393_ Field strength at 79. 00394_ Field strength at 72. 00395_ Beams of light sweep through the air. An alarm sounds. 00395_ C-45 Heavy ARC bursts open, deploying its payload. 00395_ H-55 Commando unfolds itself. 00397_ Field strength at 57. 00398_ Field strength at 50. 00401_ H-55 Commando destroyed. 00403_ Field strength at 18. 00404_ Field strength at 11. 00405_ Field strength at 4. 00406_ Stasis field depleted. 00407_ Acquired 72 matter. 00407_ Acquired 13 matter. 00424_ EXIT=FOUND 00435_ Beams of light sweep through the air. An alarm sounds. 00435_ X-57 Shotgunner destroyed. Map ----- +----------------------------------------------------+ | ?????????????????????????????????????????????????? | | ?????????????????????????????????????????????????? | | ?????????????????????????????????????????????????? | | ??????????????######?????????????????????????????? | | ??????????????# ??????????????????????????????? | | ??????????????#